 Dungeon Crawl Stone Soup version 0.20.1-1-g8b1a95d (webtiles) character file.

148 homeworkjunkie the Chopper (level 5, -9/47 HPs)
             Began as a Hill Orc Fighter on Nov 28, 2017.
             Was an Initiate of Okawaru.
             Killed from afar by an orc wizard (11 damage)
             ... with a puff of flame
             ... on level 4 of the Dungeon.
             The game lasted 00:03:52 (1576 turns).

homeworkjunkie the Chopper (Hill Orc Fighter)       Turns: 1576, Time: 00:03:52

Health: -9/47      AC:  8    Str: 20    XL:     5   Next: 30%
Magic:  5/5        EV:  7    Int:  8    God:    Okawaru [......]
Gold:   116        SH:  9    Dex: 10    Spells: 4/4 levels left

rFire    . . .     SeeInvis .   a - +1 war axe
rCold    . . .     Gourm    .   c - +0 shield
rNeg     . . .     Faith    +   b - +0 scale mail
rPois    .         Spirit   .   (no helmet)
rElec    .         Reflect  .   (no cloak)
rCorr    .         Harm     .   (no gloves)
MR       .....                  i - +0 pair of boots
Stlth    ..........             g - amulet of faith
Regen    0.2/turn               j - ring of loudness (curse)
MPRegen  0.1/turn               (no ring)

@: no status effects
A: no striking features
a: Renounce Religion


You were on level 4 of the Dungeon.
You worshipped Okawaru.
Okawaru was noncommittal.
You were not hungry.

You visited 1 branch of the dungeon, and saw 4 of its levels.

You collected 116 gold pieces.

Inventory:

Hand Weapons
 a - a +1 war axe (weapon)
Armour
 b - a +0 scale mail (worn)
 c - a +0 shield (worn)
 i - a +0 pair of boots (worn)
Jewellery
 g - an amulet of faith (around neck)
 j - a cursed ring of loudness (left hand)
Scrolls
 e - 4 scrolls of recharging {unknown}
 h - 2 scrolls of identify
 k - a scroll of teleportation {unknown}
 o - a scroll of remove curse {unknown}
Potions
 d - a potion of might
 l - 2 potions of agility {unknown}
 m - 2 potions of flight {unknown}
 n - a potion of curing
 q - 2 potions of lignification {unknown}
 s - a potion of berserk rage {unknown}
Comestibles
 f - a bread ration
 p - a meat ration
 r - a royal jelly


   Skills:
 * Level 4.5 Fighting
 * Level 5.0 Axes
 * Level 3.7 Armour
 + Level 0.2 Dodging
 * Level 4.1 Shields


You had 4 spell levels left.
You didn't know any spells.

Dungeon Overview and Level Annotations

Branches:
Dungeon (4/15)
 Temple: D:4-7

Altars:
Dithmenos
Makhleb
Nemelex Xobeh
Okawaru
Xom


Message History

The orc wizard seems to speed up.
An adder comes into view.
You barely miss the orc wizard.
The orc shouts!
The adder hisses angrily.
The orc wizard mumbles some strange words.
The orc wizard blinks!
You block the worker ant's attack. The orc wizard casts a spell at you.
The magic dart hits you!
* * * LOW HITPOINT WARNING * * *
The orc wizard completely misses you.
The orc wizard gestures at you while chanting.
The puff of frost hits you!
* * * LOW HITPOINT WARNING * * *
The worker ant barely misses you. You block the orc wizard's attack.
The orc wizard hits you but does no damage.
The orc wizard gestures at you while chanting.
The puff of flame hits you!
You die...

#............ #......#
#.### #......# ##....
########......# #.....
#......#......###.....
#.........##.#........
#.....>...........<...
#......#..#...........
#..^.@.........##.....
#...........#..#......
#..††ao........#......
#......$......##......
.#.......o.....##!.....
................##......
⌠.⌠........o.S...#
._..#......#...#.#
⌠.⌠##.##..........


You could see a worker ant, 2 orc wizards, an adder and an orc.

Vanquished Creatures
  Terence (D:2)
  A worker ant (D:4)
  2 adders (D:2)
  3 oozes (D:1)
  3 worms (D:2)
  A dart slug (D:2)
  3 leopard geckos
  3 giant cockroaches (D:1)
  7 goblins
  5 hobgoblins
  2 quokkas
  4 bats
  3 frilled lizards
  8 kobolds
  A quokka skeleton (D:4)
  11 rats
58 creatures vanquished.

Notes
Turn   | Place    | Note
-------+----------+-------------------------------------------
     0 | D:1      | homeworkjunkie the Hill Orc Fighter began the quest for the Orb.
     0 | D:1      | Reached XP level 1. HP: 19/19 MP: 1/1
    77 | D:2      | Reached skill level 3 in Axes
    83 | D:2      | Reached XP level 2. HP: 22/27 MP: 2/2
   199 | D:2      | Found a faded altar of an unknown god.
   243 | D:2      | Reached XP level 3. HP: 33/33 MP: 3/3
   278 | D:4      | Noticed a centaur
   278 | D:4      | Noticed an ogre
   329 | D:4      | Found a burning altar of Makhleb.
   347 | D:3      | Found a shimmering altar of Xom.
   464 | D:3      | Found a shadowy altar of Dithmenos.
   464 | D:3      | Found an iron altar of Okawaru.
   471 | D:3      | Became a worshipper of Warmaster Okawaru
   978 | D:1      | Reached XP level 4. HP: 39/40 MP: 4/4
  1002 | D:1      | Reached skill level 4 in Axes
  1348 | D:2      | Noticed Terence
  1368 | D:2      | Killed Terence
  1368 | D:2      | Reached XP level 5. HP: 29/47 MP: 5/5
  1527 | D:4      | Reached skill level 5 in Axes
  1544 | D:4      | Found a sparkling altar of Nemelex Xobeh.
  1573 | D:4      | HP: 1/47 [orc wizard/puff of frost (10)]
  1576 | D:4      | Killed from afar by an orc wizard

Skill      XL: |  1  2  3  4  5 |
---------------+----------------+-----
Axes           | 3 4 5 |  5.0
Fighting       | 4 |  4.5
Shields        | 4 |  4.1
Armour         | |  3.7
Dodging        | |  0.2

Action                   |  1- 3 |  4- 6 || total
-------------------------+-------+-------++-------
Melee: War axe           |    88 |    80 ||   168
  Use: Scroll            |     3 |       ||     3
       Potion            |     1 |       ||     1
  Eat: Fruit             |       |     3 ||     3
Armor: Scale mail        |    32 |    35 ||    67
Dodge: Dodged            |    31 |    29 ||    60
Block: Shield            |    45 |    54 ||    99
